Map: Lightshade LE

Players

lllllll - Winner!

  • Race: Protoss Protoss
  • League: Diamond

Metamyth

  • Race: Zerg Zerg
  • League: Diamond

VOD

Have the link to the VOD?

Description

Time

  • Played on: Aug. 20, 2021, 2:47 a.m.
  • Length: 18:10
Show
View Real Time Build Order
Export as new Build Order

lllllll Protoss - Winner!

Build Orders: Nexus First, Carriers 

Get SALT Encoding   

  12  0:00  Probe (Chrono Boost)  
  13  0:10  Probe (Chrono Boost)  
  14  0:15  Probe (Chrono Boost)  
  15  0:23  Pylon  
  15  0:41  Probe  
  16  0:53  Probe (Chrono Boost)  
  17  1:00  Nexus  
  17  1:06  Probe (Chrono Boost)  
  18  1:14  Probe (Chrono Boost)  
  19  1:20  Probe  
  20  1:32  Probe  
  21  1:39  Nexus  
  21  1:48  Forge  
  21  1:56  Pylon  
  21  1:58  Probe (Chrono Boost)  
  22  2:04  Pylon  
  22  2:10  Probe (Chrono Boost)  
  24  2:18  Probe x2 (Chrono Boost)  
  25  2:26  Photon Cannon  
  25  2:35  Photon Cannon  
  25  2:42  Photon Cannon  
  25  2:46  Probe  
  25  2:48  Probe  
  27  2:56  Photon Cannon  
  28  2:58  Probe  
  28  3:03  Photon Cannon  
  28  3:08  Probe x2  
  28  3:10  Probe  
  31  3:16  Photon Cannon  
  31  3:25  Pylon  
  31  3:27  Probe x3  
  33  3:34  Gateway  
  34  3:37  Photon Cannon  
  34  3:40  Probe x2  
  36  3:44  Assimilator  
  36  3:46  Assimilator  
  36  3:47  Probe  
  37  3:52  Probe  
  37  3:54  Photon Cannon  
  38  3:57  Probe  
  38  3:59  Probe  
  38  4:02  Photon Cannon  
  40  4:05  Photon Cannon  
  40  4:10  Pylon  
  40  4:11  Probe x2  
  40  4:15  Probe  
  43  4:23  Probe  
  43  4:24  Probe  
  45  4:26  Cybernetics Core  
  45  4:27  Probe  
  45  4:28  Assimilator  
  46  4:33  Pylon  
  46  4:34  Zealot  
  46  4:35  Probe  
  46  4:36  Probe  
  50  4:39  Assimilator, Probe  
  50  4:42  Assimilator  
  51  4:48  Probe x2  
  51  4:51  Assimilator, Probe  
  54  4:56  Photon Cannon  
  54  5:00  Probe x2  
  54  5:03  Probe  
  57  5:09  Stargate  
  57  5:11  Zealot  
  57  5:12  Probe x2  
  57  5:13  Stargate  
  61  5:15  Probe  
  61  5:19  Pylon  
  62  5:22  Pylon  
  62  5:24  Probe x2  
  65  5:31  Photon Cannon  
  65  5:33  Shield Battery  
  65  5:36  Probe x2  
  66  5:43  Zealot  
  66  5:47  Photon Cannon  
  68  5:52  Pylon, Shield Battery  
  68  5:54  Photon Cannon  
  68  5:56  Pylon  
  68  6:01  Void Ray  
  70  6:05  Void Ray  
  69  6:12  Fleet Beacon  
  73  6:26  Photon Cannon  
  73  6:27  Photon Cannon  
  73  6:28  Photon Cannon  
  73  6:30  Shield Battery  
  73  6:40  Pylon, Photon Cannon  
  73  6:42  Stargate  
  73  6:45  Pylon  
  67  7:10  Photon Cannon  
  67  7:11  Photon Cannon  
  67  7:12  Photon Cannon  
  67  7:17  Carrier (Chrono Boost)  
  67  7:18  Carrier (Chrono Boost)  
  79  7:34  Nexus  
  79  7:36  Zealot  
  81  7:37  Pylon  
  81  7:47  Pylon  
  81  7:51  Pylon  
  81  7:53  Carrier (Chrono Boost)  
  81  7:58  Photon Cannon  
  87  7:59  Photon Cannon  
  87  8:01  Gateway  
  87  8:04  Shield Battery  
  87  8:08  Pylon  
  87  8:16  Stargate  
  87  8:23  Cybernetics Core  
  87  8:25  Robotics Facility  
  87  8:30  Photon Cannon  
  87  8:31  Gateway  
  87  8:39  Probe  
  87  8:40  Probe  
  90  8:52  Probe  
  90  8:56  Carrier  
  90  9:00  Assimilator  
  96  9:05  Assimilator  
  96  9:08  Gateway  
  96  9:10  Shield Battery  
  96  9:13  Observer  
  97  9:18  Carrier  
  103  9:27  Pylon  
  103  9:30  Carrier  
  109  9:34  Carrier  
  115  9:39  Photon Cannon  
  115  9:43  Shield Battery  
  115  9:54  Photon Cannon  
  115  9:55  Photon Cannon  
  98  10:20  Probe x3  
  101  10:25  Photon Cannon  
  101  10:26  Photon Cannon  
  101  10:29  Phoenix x2, Pylon  
  101  10:32  Probe  
  101  10:34  Phoenix  
  108  10:38  Phoenix  
  110  10:54  Carrier, Phoenix  
  118  11:10  Photon Cannon x2  
  118  11:11  Photon Cannon  
  118  11:17  Phoenix x2  
  122  11:21  Pylon  
  122  11:23  Shield Battery  
  122  11:27  Pylon  
  114  11:50  Phoenix x2  
  114  11:51  Phoenix  
  120  11:58  Photon Cannon  
  120  12:00  Photon Cannon  
  120  12:02  Observer  
  121  12:15  Photon Cannon  
  121  12:17  Protoss Air Weapons Level 1  
  121  12:18  Protoss Air Armor Level 1  
  121  12:19  Phoenix  
  121  12:20  Phoenix x3  
  129  12:23  Observer  
  130  12:43  Nexus  
  130  12:44  Phoenix  
  130  12:45  Observer  
  130  12:46  Pylon  
  133  13:06  Observer  
  133  13:07  Void Ray x4  
  150  13:27  Observer  
  150  13:30  Photon Cannon  
  150  13:33  Photon Cannon  
  143  13:44  Void Ray  
  137  13:49  Observer  
  137  13:54  Carrier x2  
  137  13:55  Void Ray  
  158  14:08  Probe x3  
  158  14:09  Probe  
  162  14:19  Photon Cannon  
  162  14:20  Probe x2  
  162  14:21  Photon Cannon, Probe  
  162  14:23  Probe  
  166  14:32  Probe  
  166  14:33  Probe  
  166  14:34  Probe  
  166  14:35  Probe  
  166  14:38  Shield Battery  
  170  14:41  Photon Cannon  
  170  14:43  Photon Cannon  
  170  14:44  Probe  
  171  14:46  Pylon, Probe  
  171  14:48  Photon Cannon  
  172  15:07  Assimilator  
  172  15:09  Assimilator  
  172  15:10  Protoss Air Weapons Level 2  
  172  15:14  Tempest  
  172  15:15  Protoss Air Armor Level 2  
  176  15:40  Void Ray  
  176  15:43  Void Ray, Tempest  
  175  15:51  Void Ray  
  179  16:10  Stargate  
  179  16:15  Stargate  
  179  16:17  Twilight Council  
  179  16:28  Pylon  
  179  16:29  Pylon  
  179  16:31  Pylon  
  180  16:33  Observer  
  180  16:41  Void Ray  
  180  16:43  Void Ray  
  180  16:45  Tempest  
  180  16:46  Tempest  
  198  16:55  Nexus  
  198  16:58  Pylon  
  198  17:01  Pylon  
  198  17:05  Photon Cannon  
  198  17:07  Pylon  
  198  17:11  Photon Cannon  
  198  17:14  Photon Cannon  
  198  17:18  Photon Cannon  
  198  17:19  Photon Cannon  
  198  17:21  Photon Cannon  
  198  17:23  Photon Cannon  
  198  17:25  Shield Battery  
  196  17:32  Photon Cannon  
  196  17:33  Photon Cannon  
  196  17:34  Photon Cannon  
  196  17:35  Shield Battery  
  196  17:40  Pylon  
  196  17:42  Assimilator  
  184  17:46  Assimilator  
Show
View Real Time Build Order
Export as new Build Order

Metamyth Zerg 

Build Orders: Hatch First, Zergling Baneling 

Get SALT Encoding   

  12  0:00  Drone  
  13  0:13  Overlord  
  13  0:16  Drone  
  14  0:31  Drone x2  
  16  0:49  Hatchery  
  15  0:52  Drone  
  15  0:56  Drone  
  17  0:59  Drone  
  18  1:12  Extractor  
  18  1:15  Spawning Pool  
  18  1:18  Drone  
  17  1:21  Drone  
  18  1:28  Drone  
  19  1:39  Drone  
  20  1:51  Overlord  
  20  2:02  Zergling x4, Queen x2  
  26  2:12  Drone x2  
  28  2:17  Metabolic Boost  
  28  2:23  Drone  
  28  2:24  Drone  
  30  2:38  Hatchery  
  30  2:42  Drone x2  
  31  2:46  Overlord  
  31  2:54  Overlord  
  31  3:03  Drone x2  
  31  3:05  Queen  
  35  3:11  Drone x2  
  37  3:14  Baneling Nest  
  36  3:20  Drone x3  
  36  3:25  Drone  
  36  3:26  Extractor, Drone  
  40  3:34  Drone  
  40  3:36  Drone  
  40  3:38  Drone  
  43  3:43  Drone x3  
  43  3:46  Queen  
  48  3:49  Overlord  
  48  3:52  Drone x2  
  50  3:56  Drone x2  
  50  4:02  Lair  
  52  4:03  Drone  
  52  4:06  Drone x2  
  52  4:08  Drone  
  56  4:13  Drone x3  
  59  4:20  Drone  
  59  4:22  Drone  
  59  4:24  Zergling x10  
  64  4:29  Overlord  
  66  4:31  Extractor  
  65  4:47  Queen  
  65  4:48  Zergling x14  
  65  4:50  Baneling x9  
  65  4:51  Baneling x2  
  74  5:01  Overlord x5  
  74  5:11  Centrifical Hooks  
  74  5:20  Zergling x4  
  74  5:21  Zergling x4  
  75  5:41  Zergling x16  
  75  5:42  Zergling x10  
  83  5:55  Drone  
  83  5:56  Drone x5  
  89  6:01  Extractor  
  89  6:03  Extractor  
  87  6:09  Drone x5  
  87  6:10  Drone  
  93  6:15  Drone, Hatchery  
  93  6:17  Infestation Pit, Evolution Chamber x2  
  90  6:19  Drone  
  91  6:28  Baneling x19  
  91  6:29  Baneling x2  
  91  6:30  Zergling x2  
  91  6:31  Zergling x16  
  100  6:35  Extractor  
  100  6:39  Drone  
  73  7:15  Drone x3  
  75  7:16  Drone x4  
  75  7:19  Zerg Ground Armor Level 1  
  75  7:20  Hydralisk Den, Zerg Missile Weapons Level 1  
  78  7:25  Spore Crawler  
  78  7:26  Drone  
  78  7:27  Drone x2  
  78  7:29  Spore Crawler x2, Drone x2  
  81  7:30  Drone x8  
  81  7:32  Overlord, Spore Crawler  
  81  7:34  Hive  
  87  7:43  Queen  
  87  7:44  Spore Crawler x2  
  87  7:57  Extractor, Drone  
  87  7:58  Drone x12  
  99  8:02  Extractor  
  98  8:11  Grooved Spines, Hydralisk x3  
  98  8:12  Hydralisk x3  
  110  8:18  Drone  
  111  8:22  Overseer  
  111  8:25  Overlord x6  
  111  8:26  Overlord x2  
  111  8:45  Hatchery  
  110  8:49  Drone x2  
  110  8:50  Hydralisk x6  
  110  8:51  Hydralisk x3  
  130  8:58  Drone  
  130  8:59  Drone x5  
  130  9:00  Drone  
  137  9:09  Zergling x18, Hatchery  
  145  9:10  Extractor  
  145  9:12  Extractor  
  145  9:14  Zerg Ground Armor Level 2  
  145  9:16  Drone  
  144  9:22  Muscular Augments  
  144  9:30  Hydralisk x9  
  162  9:36  Baneling  
  162  9:37  Baneling x14  
  162  9:46  Hydralisk  
  162  9:47  Hydralisk x5  
  162  9:49  Overlord  
  160  10:13  Hydralisk  
  147  10:14  Spire, Hydralisk x9  
  147  10:15  Spire  
  161  10:22  Hydralisk  
  161  10:23  Hydralisk x4  
  171  10:29  Spore Crawler, Queen  
  171  10:32  Spore Crawler  
  171  10:34  Hydralisk x3  
  153  10:56  Hydralisk x12  
  157  11:07  Hydralisk  
  157  11:08  Hydralisk x6  
  165  11:14  Queen  
  165  11:16  Drone  
  165  11:17  Drone x5  
  143  11:49  Hydralisk  
  143  11:50  Hydralisk x8  
  143  11:52  Corruptor x7  
  173  12:04  Extractor  
  173  12:07  Viper x2  
  178  12:08  Extractor  
  178  12:13  Corruptor x3, Hatchery  
  182  12:16  Drone  
  182  12:17  Drone x4  
  181  12:39  Overlord x2  
  181  12:40  Overlord  
  181  12:43  Zerg Flyer Armor Level 1, Zerg Flyer Weapons Level 1  
  181  12:51  Corruptor x3  
  187  13:08  Corruptor x4  
  187  13:09  Corruptor  
  140  13:59  Overlord x2  
  140  14:05  Corruptor  
  140  14:06  Corruptor x11  
  164  14:13  Viper x2  
  170  14:34  Corruptor  
  170  14:35  Corruptor x7  
  170  14:37  Zerg Flyer Weapons Level 2  
  170  14:38  Greater Spire  
  186  14:39  Zerg Missile Weapons Level 2  
  186  14:40  Zerg Ground Armor Level 3  
  186  14:53  Overseer  
  142  15:58  Corruptor  
  142  15:59  Corruptor x14  
  142  16:00  Corruptor x12  
  194  16:51  Brood Lord x3  
Tags
 
Add a new tag
Caveats
  • Supply blocks, unpowered buildings, or Contaminate may cause inaccurate times.
  • Supply counts are checked every 10 seconds.